Map: Terraform LE (Void)

Players

Techimon - Winner!

  • Race: Zerg Zerg
  • League: Platinum

ImotoFantasy

  • Race: Protoss Protoss
  • League: Gold

VOD

Have the link to the VOD?

Description

Time

  • Played on: Oct. 26, 2015, 12:19 a.m.
  • Length: 11:40
Show
View Real Time Build Order
Export as new Build Order

Techimon Zerg - Winner!

Build Orders: Hatch First 

Get SALT Encoding   

  12  0:01  Drone  
  13  0:13  Overlord  
  13  0:17  Drone  
  14  0:32  Drone x2  
  16  0:37  Drone  
  17  0:55  Hatchery  
  16  0:58  Drone  
  16  1:01  Drone  
  18  1:16  Spawning Pool  
  17  1:22  Overlord  
  17  1:24  Drone  
  18  1:30  Drone  
  19  1:40  Drone  
  20  1:55  Hatchery  
  19  2:03  Queen  
  19  2:07  Zergling x4  
  23  2:11  Drone  
  23  2:13  Drone  
  25  2:21  Queen  
  27  2:24  Drone  
  27  2:29  Overlord  
  28  2:33  Drone  
  28  2:35  Drone  
  30  2:40  Overlord  
  30  2:45  Drone  
  30  2:50  Drone  
  32  2:55  Extractor  
  32  2:56  Drone, Queen  
  32  2:57  Extractor  
  33  3:05  Drone  
  33  3:16  Drone x6  
  39  3:26  Queen  
  39  3:28  Drone x2  
  39  3:29  Drone x2  
  45  3:39  Roach Warren  
  44  3:45  Drone x2  
  44  3:46  Drone x2  
  48  4:00  Overlord  
  48  4:02  Lair  
  48  4:12  Drone x2  
  48  4:14  Overlord x3  
  50  4:20  Roach x2  
  50  4:21  Roach x3  
  60  4:30  Spore Crawler  
  59  4:31  Spore Crawler  
  59  4:33  Drone x2, Spore Crawler  
  59  4:35  Drone x2  
  59  4:37  Drone  
  62  4:46  Drone  
  62  4:47  Drone x5  
  62  4:48  Drone  
  62  4:51  Overlord  
  69  4:58  Drone x2, Extractor  
  69  4:59  Drone x2, Extractor  
  71  5:04  Drone, Hydralisk Den  
  71  5:11  Drone x4, Extractor x2  
  73  5:15  Overlord  
  73  5:26  Metabolic Boost  
  73  5:28  Drone  
  73  5:33  Hydralisk  
  73  5:34  Hydralisk x3  
  81  5:42  Overlord x3  
  81  6:01  Drone x4  
  81  6:02  Drone x4  
  89  6:06  Drone x3  
  92  6:11  Muscular Augments  
  92  6:12  Hydralisk x2  
  92  6:13  Evolution Chamber, Hydralisk x3  
  99  6:19  Drone x2  
  99  6:23  Hydralisk x2  
  105  6:27  Overlord x2  
  105  6:45  Hydralisk  
  105  6:46  Hydralisk x7  
  121  6:50  Overlord x2  
  121  7:00  Zergling x2  
  122  7:12  Zergling x8  
  122  7:13  Zergling x12  
  132  7:16  Zerg Missile Weapons Level 1  
  132  7:21  Hydralisk x3  
  138  7:27  Spire  
  137  7:31  Overlord x4  
  137  7:35  Lurker Den  
  137  7:50  Hatchery  
  130  7:54  Hydralisk x2  
  130  7:55  Hydralisk x7  
  139  8:01  Zergling x10  
  139  8:02  Zergling x2  
  141  8:17  Hydralisk x4  
  149  8:20  Zergling x4  
  151  8:27  Zergling x2  
  142  8:42  Corruptor x4  
  142  8:43  Corruptor  
  142  8:46  Zerg Flyer Weapons Level 1  
  152  8:57  Corruptor x5  
  162  9:06  Queen  
  162  9:07  Drone x4  
  162  9:08  Drone x4  
  172  9:11  Drone x2  
  174  9:35  Drone x2  
  174  9:37  Extractor  
  174  9:38  Extractor  
  174  9:42  Overlord x4  
  174  9:45  Spore Crawler x2  
  174  9:48  Spore Crawler  
  171  9:57  Corruptor  
  171  9:58  Corruptor  
  175  10:06  Overlord x2  
  175  10:07  Drone, Corruptor x6  
  187  10:31  Corruptor x4  
  187  10:32  Corruptor x2  
Show
View Real Time Build Order
Export as new Build Order

ImotoFantasy Protoss 

Build Orders: Nexus First 

Get SALT Encoding   

  12  0:01  Probe (Chrono Boost)  
  13  0:11  Probe (Chrono Boost)  
  14  0:23  Probe (Chrono Boost), Pylon  
  15  0:41  Probe (Chrono Boost)  
  16  0:52  Probe (Chrono Boost)  
  17  1:01  Nexus  
  18  1:04  Probe (Chrono Boost)  
  18  1:15  Gateway  
  18  1:22  Probe (Chrono Boost)  
  18  1:24  Assimilator  
  19  1:39  Probe (Chrono Boost)  
  20  1:45  Assimilator  
  20  1:53  Probe (Chrono Boost)  
  21  2:09  Probe (Chrono Boost)  
  21  2:11  Pylon  
  21  2:13  Probe (Chrono Boost)  
  21  2:14  Zealot  
  25  2:20  Probe (Chrono Boost)  
  26  2:23  Probe (Chrono Boost)  
  26  2:30  Probe (Chrono Boost)  
  26  2:36  Cybernetics Core, Probe (Chrono Boost)  
  28  2:41  Probe (Chrono Boost)  
  28  2:42  Zealot  
  31  2:47  Probe (Chrono Boost)  
  32  2:51  Probe (Chrono Boost)  
  32  2:53  Pylon  
  32  2:58  Probe (Chrono Boost)  
  34  3:02  Probe (Chrono Boost)  
  35  3:14  Probe (Chrono Boost)  
  35  3:15  Mothership Core (Chrono Boost)  
  35  3:17  Stargate  
  38  3:24  Probe (Chrono Boost)  
  39  3:33  Probe (Chrono Boost)  
  40  3:35  Probe (Chrono Boost), Nexus  
  40  3:37  Pylon  
  41  3:44  Probe (Chrono Boost)  
  41  3:48  Pylon  
  42  3:51  Probe (Chrono Boost)  
  42  3:54  Probe (Chrono Boost)  
  42  3:55  Sentry, Warp Gate  
  46  4:00  Phoenix (Chrono Boost)  
  48  4:05  Forge  
  48  4:14  Pylon  
  48  4:17  Pylon  
  48  4:19  Probe  
  48  4:20  Pylon  
  48  4:22  Probe, Pylon, Phoenix (Chrono Boost)  
  52  4:27  Assimilator  
  52  4:30  Assimilator  
  52  4:33  Probe  
  52  4:34  Probe  
  54  4:38  Photon Cannon  
  54  4:41  Photon Cannon  
  54  4:54  Photon Cannon  
  54  4:55  Probe x2  
  54  4:57  Probe  
  54  4:58  Phoenix (Chrono Boost)  
  59  5:09  Probe, Pylon  
  59  5:10  Probe x2  
  59  5:13  Protoss Ground Weapons Level 1 (Chrono Boost)  
  62  5:20  Fleet Beacon  
  62  5:22  Phoenix  
  64  5:36  Probe  
  64  5:37  Probe  
  64  5:38  Probe  
  64  5:41  Void Ray  
  71  6:01  Stargate  
  71  6:03  Stargate  
  71  6:05  Probe  
  71  6:06  Probe x2  
  71  6:09  Assimilator  
  74  6:11  Assimilator  
  74  6:15  Photon Cannon  
  74  6:16  Pylon  
  74  6:18  Probe, Pylon  
  75  6:19  Probe  
  75  6:20  Probe  
  77  6:27  Photon Cannon  
  77  6:30  Pylon  
  77  6:32  Photon Cannon  
  77  6:34  Pylon x2  
  77  6:38  Probe  
  77  6:39  Probe x2  
  80  6:40  Carrier (Chrono Boost)  
  86  6:49  Carrier (Chrono Boost)  
  92  6:55  Photon Cannon  
  88  7:04  Carrier (Chrono Boost)  
  94  7:10  Photon Cannon  
  94  7:12  Pylon  
  94  7:18  Photon Cannon  
  94  7:24  Photon Cannon  
  94  7:28  Photon Cannon  
  94  7:31  Probe  
  94  7:32  Probe x2  
  94  7:33  Pylon  
  94  7:35  Graviton Catapult  
  82  7:58  Zealot  
  80  8:10  Carrier x2 (Chrono Boost)  
  85  8:30  Mothership Core  
  87  8:35  Carrier (Chrono Boost)  
  87  8:49  Cybernetics Core  
  87  8:56  Nexus  
  87  8:58  Pylon  
  87  8:59  Pylon  
  87  9:04  Pylon  
  87  9:07  Pylon  
  87  9:09  Probe x2  
  89  9:17  Photon Cannon  
  89  9:18  Photon Cannon  
  89  9:22  Photon Cannon  
  89  9:24  Pylon  
  89  9:29  Probe x2, Photon Cannon  
  89  9:30  Photon Cannon  
  91  9:32  Assimilator  
  91  9:36  Assimilator  
  91  9:38  Carrier (Chrono Boost)  
  97  9:52  Carrier (Chrono Boost)  
  103  10:08  Probe  
  103  10:10  Probe x2  
  106  10:19  Sentry  
  108  10:22  Probe  
  115  10:37  Pylon  
  115  10:40  Pylon  
  115  10:41  Pylon  
  115  10:48  Photon Cannon  
  115  10:49  Photon Cannon  
  115  10:51  Photon Cannon  
  99  11:19  Zealot  
Tags
 
Add a new tag
Caveats
  • Supply blocks, unpowered buildings, or Contaminate may cause inaccurate times.
  • Supply counts are checked every 10 seconds.